[ AOE2 MATCH · #480155919 ]
UnrankedMapuche vs Turks
[ REPLAY ANALYSIS · EXTRACTED FROM THE RECORDED GAME ]
Feudal
10:06
Castle
14:01
Imperial
34:26
| APM avg | 81.6 |
| APM peak | 153 |
| eAPM avg | 43.4 |
| Villagers / military | 162 / 209 |
Focus
⚔️ 61.0% · 🌾 39.0%
Bolas Rider ×163 · Trade Cart ×50 · Kona ×38 · Trebuchet (Packed) ×6 · Mangonel ×2
Feudal
8:55
Castle
20:17
Imperial
37:49
| APM avg | 50.1 |
| APM peak | 100 |
| eAPM avg | 24.2 |
| Villagers / military | 145 / 232 |
Focus
⚔️ 41.3% · 🌾 58.7%
Scout Cavalry ×135 · Bombard Cannon ×60 · Janissary ×33 · Trade Cart ×31 · Petard ×3 · Spearman ×1
Feudal
8:29
Castle
15:53
Imperial
32:22
| APM avg | 56.0 |
| APM peak | 104 |
| eAPM avg | 29.5 |
| Villagers / military | 140 / 121 |
Focus
⚔️ 37.6% · 🌾 62.4%
Trade Cart ×74 · Mangonel ×60 · Battering Ram ×56 · Scorpion ×3 · Scout Cavalry ×2
Feudal
11:27
Castle
15:13
Imperial
26:53
| APM avg | 23.9 |
| APM peak | 48 |
| eAPM avg | 14.2 |
| Villagers / military | 137 / 338 |
Focus
⚔️ 33.5% · 🌾 66.5%
Genoese Crossbowman ×259 · Hand Cannoneer ×60 · Trade Cart ×44 · Trebuchet (Packed) ×10 · Bombard Cannon ×9
Feudal
10:10
Castle
13:25
Imperial
29:27
| APM avg | 35.6 |
| APM peak | 91 |
| eAPM avg | 21.8 |
| Villagers / military | 204 / 356 |
Focus
⚔️ 28.1% · 🌾 71.9%
War Elephant ×334 · Trade Cart ×42 · Bombard Cannon ×19 · Monk ×3
Feudal
11:46
Castle
15:20
Imperial
30:36
| APM avg | 46.7 |
| APM peak | 102 |
| eAPM avg | 31.8 |
| Villagers / military | 189 / 637 |
Focus
⚔️ 32.8% · 🌾 67.2%
Spearman ×525 · Mangonel ×107 · Unknown (882) ×66 · Trade Cart ×57 · Trebuchet (Packed) ×3 · Scorpion ×2
Feudal
11:30
Castle
22:30
Imperial
37:10
| APM avg | 36.5 |
| APM peak | 97 |
| eAPM avg | 23.3 |
| Villagers / military | 175 / 62 |
Focus
⚔️ 18.6% · 🌾 81.4%
Bombard Cannon ×56 · Trade Cart ×21 · Mangonel ×4 · Monk ×2
Feudal
8:40
Castle
18:04
Imperial
31:07
| APM avg | 47.9 |
| APM peak | 103 |
| eAPM avg | 29.1 |
| Villagers / military | 160 / 332 |
Focus
⚔️ 34.4% · 🌾 65.6%
Scout Cavalry ×282 · Scorpion ×33 · Trade Cart ×24 · Knight ×6 · Mangonel ×5 · Battering Ram ×3
Match map
Initial resources + every placement click. Lines = walls · curves = elevation contours. ◆ gold · ⬟ stone · ● berries · ✦ relic · ◌ wall gap
Your base· ✓ Closed at 14:01 · 0t walls · no gate
imenek's base· ✓ Closed at 20:17 · 40t walls · 2 gate(s)
SIL13's base· ✓ Closed at 15:53 · 0t walls · no gate
Frafn's base· ✓ Closed at 15:13 · 0t walls · no gate
vic163001's base· ✓ Closed at 13:25 · 0t walls · no gate
BruceC's base· ✓ Closed at 15:20 · 0t walls · no gate
Soaked★MarineS's base· ✓ Closed at 22:30 · 83t walls · 1 gate(s)
KumaraGD's base· ✓ Closed at 18:04 · 1t walls · no gate
Smoothed initial terrain · ◌ = detected wall gap · hover for details
Inputs per minute
— ashikaga - - imenek
Build order — ashikaga
First 150 of 627 actions detected
| 0:01 | Create | Villager (Male) |
| 0:01 | Create | Villager (Male) |
| 0:03 | Build | House |
| 0:03 | Build | House |
| 0:19 | Create | Villager (Male) |
| 0:35 | Create | Villager (Male) |
| 1:37 | Create | Villager (Male) |
| 1:47 | Build | Settlement |
| 2:00 | Create | Villager (Male) |
| 2:19 | Create | Villager (Male) |
| 2:51 | Create | Villager (Male) |
| 2:53 | Create | Villager (Male) |
| 3:39 | Create | Villager (Male) |
| 3:39 | Create | Villager (Male) |
| 4:00 | Create | Villager (Male) |
| 4:00 | Create | Villager (Male) |
| 4:01 | Create | Villager (Male) |
| 4:01 | Create | Villager (Male) |
| 4:15 | Create | Villager (Male) |
| 4:39 | Create | Villager (Male) |
| 5:05 | Build | Settlement |
| 5:38 | Create | Villager (Male) |
| 6:07 | Create | Villager (Male) |
| 6:36 | Create | Villager (Male) |
| 7:02 | Create | Villager (Male) |
| 7:24 | Create | Villager (Male) |
| 7:47 | Research | Feudal Age |
| 7:47 | Research | Feudal Age |
| 7:49 | Build | House |
| 8:34 | Build | Barracks |
| 9:18 | Create | Villager (Male) |
| 9:18 | Create | Villager (Male) |
| 10:06 | Age | Feudal Age |
| 10:21 | Build | Archery Range |
| 10:37 | Build | Blacksmith |
| 10:43 | Create | Villager (Male) |
| 11:14 | Research | Castle Age |
| 11:14 | Research | Castle Age |
| 11:14 | Research | Castle Age |
| 11:25 | Research | Double-Bit Axe |
| 11:25 | Research | Double-Bit Axe |
| 11:48 | Research | Fletching |
| 11:54 | Build | House |
| 11:56 | Build | House |
| 12:30 | Build | Archery Range |
| 13:11 | Create | Villager (Male) |
| 13:16 | Build | Settlement |
| 14:01 | Age | Castle Age |
| 14:02 | Create | Bolas Rider |
| 14:03 | Create | Bolas Rider |
| 14:06 | Build | Farm |
| 14:13 | Create | Villager (Male) |
| 14:27 | Build | Farm |
| 14:32 | Create | Bolas Rider |
| 14:32 | Create | Bolas Rider |
| 14:32 | Create | Bolas Rider |
| 14:32 | Create | Bolas Rider |
| 14:43 | Create | Villager (Male) |
| 14:51 | Build | Farm |
| 14:58 | Create | Bolas Rider |
| 14:59 | Create | Bolas Rider |
| 15:02 | Create | Bolas Rider |
| 15:02 | Create | Bolas Rider |
| 15:07 | Create | Villager (Male) |
| 15:29 | Build | Farm |
| 15:31 | Build | Farm |
| 15:37 | Create | Villager (Male) |
| 15:38 | Build | Farm |
| 15:41 | Create | Bolas Rider |
| 15:41 | Create | Bolas Rider |
| 15:53 | Create | Bolas Rider |
| 15:54 | Create | Bolas Rider |
| 15:55 | Create | Villager (Male) |
| 16:01 | Build | Farm |
| 16:06 | Build | House |
| 16:22 | Create | Villager (Male) |
| 16:34 | Research | Bow Saw |
| 16:34 | Research | Bow Saw |
| 16:35 | Create | Villager (Male) |
| 17:07 | Create | Bolas Rider |
| 17:08 | Create | Bolas Rider |
| 17:20 | Create | Villager (Male) |
| 17:23 | Build | Farm |
| 17:24 | Build | Farm |
| 17:44 | Create | Villager (Male) |
| 18:03 | Build | Town Center |
| 18:06 | Create | Bolas Rider |
| 18:07 | Create | Bolas Rider |
| 18:07 | Create | Bolas Rider |
| 18:08 | Create | Villager (Male) |
| 18:12 | Create | Villager (Male) |
| 18:15 | Build | Farm |
| 18:44 | Create | Villager (Male) |
| 18:46 | Create | Villager (Male) |
| 18:49 | Create | Villager (Male) |
| 18:51 | Build | House |
| 18:52 | Build | House |
| 18:57 | Research | Wheelbarrow |
| 18:58 | Research | Wheelbarrow |
| 19:04 | Build | Farm |
| 19:40 | Build | Farm |
| 19:40 | Build | Farm |
| 19:40 | Build | Farm |
| 19:40 | Build | Farm |
| 19:43 | Create | Villager (Male) |
| 19:43 | Create | Villager (Male) |
| 19:54 | Create | Villager (Male) |
| 19:59 | Build | Town Center |
| 20:35 | Create | Villager (Male) |
| 20:35 | Create | Villager (Male) |
| 20:37 | Create | Villager (Male) |
| 20:40 | Build | Farm |
| 20:40 | Build | Farm |
| 20:41 | Build | Farm |
| 21:09 | Build | House |
| 21:10 | Build | House |
| 21:16 | Create | Villager (Male) |
| 21:17 | Create | Villager (Male) |
| 21:17 | Create | Villager (Male) |
| 21:19 | Create | Villager (Male) |
| 21:25 | Create | Villager (Male) |
| 21:29 | Build | Market |
| 21:31 | Create | Villager (Male) |
| 21:36 | Create | Villager (Male) |
| 21:38 | Build | Farm |
| 21:46 | Create | Villager (Male) |
| 21:58 | Build | Market |
| 22:01 | Create | Villager (Male) |
| 22:14 | Research | Horse Collar |
| 22:14 | Research | Horse Collar |
| 22:26 | Create | Villager (Male) |
| 22:27 | Create | Villager (Male) |
| 22:36 | Create | Villager (Male) |
| 22:41 | Create | Villager (Male) |
| 22:46 | Build | Farm |
| 22:50 | Create | Villager (Male) |
| 22:50 | Create | Villager (Male) |
| 23:00 | Create | Villager (Male) |
| 23:04 | Build | Farm |
| 23:06 | Build | Farm |
| 23:07 | Build | Farm |
| 23:11 | Build | Farm |
| 23:18 | Research | Hand Cart |
| 23:18 | Research | Hand Cart |
| 23:18 | Research | Hand Cart |
| 23:27 | Create | Villager (Male) |
| 23:32 | Create | Villager (Male) |
| 23:36 | Build | Farm |
| 23:44 | Create | Villager (Male) |
| 23:48 | Build | Market |
Build order — imenek
First 150 of 652 actions detected
| 0:01 | Create | Villager (Male) |
| 0:01 | Create | Villager (Male) |
| 0:02 | Build | House |
| 0:03 | Build | House |
| 0:13 | Create | Villager (Male) |
| 0:16 | Create | Villager (Male) |
| 1:36 | Create | Villager (Male) |
| 2:02 | Create | Villager (Male) |
| 2:09 | Build | Lumber Camp |
| 2:20 | Create | Villager (Male) |
| 2:47 | Create | Villager (Male) |
| 3:09 | Create | Villager (Male) |
| 3:31 | Build | House |
| 3:42 | Create | Villager (Male) |
| 3:47 | Create | Villager (Male) |
| 4:36 | Create | Villager (Male) |
| 4:55 | Create | Villager (Male) |
| 5:26 | Build | Mill |
| 5:28 | Create | Villager (Male) |
| 5:51 | Create | Villager (Male) |
| 6:02 | Research | Loom |
| 6:45 | Research | Feudal Age |
| 6:45 | Research | Feudal Age |
| 7:07 | Build | House |
| 7:10 | Build | House |
| 7:16 | Build | House |
| 7:32 | Build | Barracks |
| 8:18 | Build | House |
| 8:24 | Build | House |
| 8:27 | Build | House |
| 8:32 | Build | House |
| 8:38 | Build | House |
| 8:42 | Create | Villager (Male) |
| 8:55 | Age | Feudal Age |
| 8:58 | Build | Stable |
| 9:06 | Research | Double-Bit Axe |
| 9:07 | Research | Double-Bit Axe |
| 9:08 | Create | Spearman |
| 9:10 | Create | Villager (Male) |
| 9:38 | Create | Villager (Male) |
| 9:48 | Build | House |
| 9:51 | Create | Scout Cavalry |
| 10:14 | Create | Villager (Male) |
| 10:21 | Build | Gate |
| 10:25 | Build | House |
| 10:35 | Build | Stone Wall |
| 10:40 | Build | Stone Wall |
| 10:41 | Create | Villager (Male) |
| 10:44 | Build | Farm |
| 10:45 | Research | Horse Collar |
| 10:45 | Research | Horse Collar |
| 10:48 | Build | Farm |
| 10:50 | Build | Farm |
| 10:52 | Build | Farm |
| 11:06 | Create | Villager (Male) |
| 11:31 | Create | Villager (Male) |
| 11:35 | Build | Farm |
| 11:43 | Build | Farm |
| 11:46 | Build | Farm |
| 11:48 | Build | House |
| 11:49 | Build | House |
| 11:56 | Create | Villager (Male) |
| 12:09 | Build | Farm |
| 12:23 | Create | Villager (Male) |
| 12:29 | Build | Farm |
| 12:39 | Create | Villager (Male) |
| 12:48 | Build | Farm |
| 12:50 | Create | Villager (Male) |
| 12:53 | Research | Wheelbarrow |
| 13:37 | Build | Farm |
| 13:41 | Build | Farm |
| 13:56 | Build | Farm |
| 14:06 | Build | Mining Camp |
| 14:23 | Create | Villager (Male) |
| 14:29 | Build | Stone Wall |
| 14:51 | Build | Gate |
| 14:56 | Create | Villager (Male) |
| 15:02 | Create | Villager (Male) |
| 15:16 | Research | Gold Mining |
| 15:17 | Create | Villager (Male) |
| 15:23 | Build | Mining Camp |
| 15:27 | Build | Mining Camp |
| 15:47 | Create | Villager (Male) |
| 16:26 | Build | Blacksmith |
| 16:36 | Build | Blacksmith |
| 16:38 | Create | Villager (Male) |
| 17:33 | Create | Villager (Male) |
| 17:36 | Research | Castle Age |
| 17:36 | Research | Castle Age |
| 18:05 | Research | Stone Mining |
| 18:12 | Build | House |
| 18:20 | Build | Stone Wall |
| 18:38 | Build | House |
| 19:10 | Build | House |
| 20:01 | Build | House |
| 20:17 | Age | Castle Age |
| 20:20 | Create | Scout Cavalry |
| 20:23 | Research | Scale Barding Armor |
| 20:24 | Create | Villager (Male) |
| 20:33 | Create | Villager (Male) |
| 20:44 | Create | Villager (Male) |
| 20:56 | Build | House |
| 20:58 | Create | Villager (Male) |
| 21:02 | Research | Bow Saw |
| 21:03 | Create | Villager (Male) |
| 21:12 | Research | Bow Saw |
| 21:27 | Build | House |
| 21:42 | Build | Stone Wall |
| 22:06 | Build | Castle |
| 22:12 | Create | Villager (Male) |
| 22:17 | Create | Villager (Male) |
| 22:46 | Build | Lumber Camp |
| 22:52 | Research | Chain Barding Armor |
| 22:56 | Research | Padded Archer Armor |
| 23:08 | Create | Janissary |
| 23:13 | Create | Janissary |
| 23:17 | Create | Villager (Male) |
| 23:30 | Create | Janissary |
| 23:32 | Research | Forging |
| 23:34 | Create | Janissary |
| 23:35 | Create | Scout Cavalry |
| 23:42 | Create | Villager (Male) |
| 23:52 | Create | Janissary |
| 24:09 | Create | Villager (Male) |
| 24:15 | Build | Town Center |
| 24:29 | Create | Janissary |
| 24:30 | Create | Janissary |
| 24:41 | Create | Janissary |
| 24:43 | Create | Villager (Male) |
| 24:43 | Create | Villager (Male) |
| 24:45 | Research | Leather Archer Armor |
| 24:50 | Create | Villager (Male) |
| 24:54 | Build | Town Center |
| 24:55 | Create | Villager (Male) |
| 25:02 | Create | Janissary |
| 25:20 | Create | Villager (Male) |
| 25:24 | Create | Villager (Male) |
| 25:32 | Create | Villager (Male) |
| 25:37 | Build | Farm |
| 25:38 | Create | Villager (Male) |
| 25:40 | Create | Villager (Male) |
| 25:43 | Build | Farm |
| 25:44 | Build | Farm |
| 25:44 | Build | Farm |
| 25:44 | Build | Farm |
| 25:45 | Build | Farm |
| 25:49 | Create | Villager (Male) |
| 25:56 | Build | Stone Wall |
| 25:59 | Create | Villager (Male) |
| 26:04 | Create | Villager (Male) |
Build order — SIL13
First 150 of 528 actions detected
| 0:01 | Create | Villager (Male) |
| 0:01 | Create | Villager (Male) |
| 0:01 | Create | Villager (Male) |
| 0:02 | Create | Villager (Male) |
| 0:02 | Create | Villager (Male) |
| 0:03 | Build | House |
| 0:04 | Build | House |
| 1:27 | Create | Villager (Male) |
| 1:27 | Create | Villager (Male) |
| 2:04 | Create | Villager (Male) |
| 2:04 | Create | Villager (Male) |
| 2:29 | Create | Villager (Male) |
| 2:29 | Create | Villager (Male) |
| 2:29 | Create | Villager (Male) |
| 2:54 | Create | Villager (Male) |
| 3:06 | Create | Villager (Male) |
| 3:13 | Create | Villager (Male) |
| 3:29 | Build | Mill |
| 4:10 | Create | Villager (Male) |
| 4:16 | Build | House |
| 4:18 | Create | Villager (Male) |
| 4:57 | Create | Villager (Male) |
| 5:50 | Build | Lumber Camp |
| 6:17 | Research | Loom |
| 6:18 | Research | Feudal Age |
| 6:57 | Build | House |
| 7:40 | Build | Barracks |
| 7:58 | Create | Villager (Male) |
| 8:29 | Age | Feudal Age |
| 8:31 | Build | Stable |
| 8:33 | Research | Double-Bit Axe |
| 8:33 | Research | Double-Bit Axe |
| 8:56 | Create | Villager (Male) |
| 8:58 | Create | Villager (Male) |
| 9:09 | Build | House |
| 9:16 | Build | Mining Camp |
| 9:17 | Create | Scout Cavalry |
| 9:18 | Create | Scout Cavalry |
| 9:25 | Create | Villager (Male) |
| 9:35 | Create | Villager (Male) |
| 9:58 | Create | Villager (Male) |
| 10:13 | Create | Villager (Male) |
| 10:41 | Create | Villager (Male) |
| 10:44 | Build | Blacksmith |
| 11:27 | Build | House |
| 11:54 | Create | Villager (Male) |
| 12:12 | Create | Villager (Male) |
| 12:47 | Create | Villager (Male) |
| 13:13 | Research | Castle Age |
| 13:28 | Build | Farm |
| 13:30 | Build | Farm |
| 13:31 | Build | Farm |
| 13:33 | Build | Farm |
| 13:42 | Research | Horse Collar |
| 13:42 | Research | Horse Collar |
| 13:46 | Build | Farm |
| 13:48 | Build | Farm |
| 14:01 | Build | Farm |
| 14:03 | Build | Farm |
| 14:12 | Build | House |
| 14:13 | Build | House |
| 15:01 | Create | Villager (Male) |
| 15:22 | Build | Farm |
| 15:23 | Build | Farm |
| 15:23 | Build | Farm |
| 15:23 | Build | Farm |
| 15:34 | Create | Villager (Male) |
| 15:42 | Research | Wheelbarrow |
| 15:53 | Age | Castle Age |
| 15:54 | Research | Bow Saw |
| 15:54 | Research | Bow Saw |
| 16:21 | Create | Villager (Male) |
| 16:49 | Create | Villager (Male) |
| 17:21 | Build | Town Center |
| 17:29 | Create | Villager (Male) |
| 17:34 | Create | Villager (Male) |
| 17:38 | Build | Town Center |
| 18:13 | Research | Heavy Plow |
| 18:17 | Create | Villager (Male) |
| 18:28 | Research | Hand Cart |
| 18:28 | Research | Hand Cart |
| 18:43 | Create | Villager (Male) |
| 18:50 | Create | Villager (Male) |
| 18:52 | Build | Farm |
| 18:53 | Build | Farm |
| 19:02 | Create | Villager (Male) |
| 19:02 | Create | Villager (Male) |
| 19:09 | Create | Villager (Male) |
| 19:38 | Create | Villager (Male) |
| 19:44 | Create | Villager (Male) |
| 19:46 | Create | Villager (Male) |
| 19:47 | Build | Farm |
| 19:48 | Build | Farm |
| 19:48 | Build | Farm |
| 19:48 | Build | Farm |
| 19:48 | Build | Farm |
| 20:02 | Create | Villager (Male) |
| 20:11 | Build | Farm |
| 20:15 | Create | Villager (Male) |
| 20:16 | Create | Villager (Male) |
| 20:24 | Build | House |
| 20:25 | Build | House |
| 20:26 | Create | Villager (Male) |
| 20:36 | Create | Villager (Male) |
| 20:37 | Create | Villager (Male) |
| 20:41 | Create | Villager (Male) |
| 20:52 | Build | Market |
| 20:53 | Create | Villager (Male) |
| 21:01 | Build | Market |
| 21:09 | Create | Villager (Male) |
| 21:12 | Create | Villager (Male) |
| 21:14 | Create | Villager (Male) |
| 21:19 | Create | Villager (Male) |
| 21:34 | Build | Town Center |
| 21:37 | Create | Villager (Male) |
| 21:40 | Create | Villager (Male) |
| 21:42 | Create | Villager (Male) |
| 21:43 | Create | Villager (Male) |
| 21:56 | Build | Market |
| 21:57 | Create | Villager (Male) |
| 22:02 | Create | Villager (Male) |
| 22:11 | Create | Villager (Male) |
| 22:15 | Create | Villager (Male) |
| 22:21 | Create | Villager (Male) |
| 22:26 | Create | Villager (Male) |
| 22:34 | Create | Villager (Male) |
| 22:37 | Create | Villager (Male) |
| 22:47 | Research | Gold Mining |
| 22:48 | Research | Stone Mining |
| 22:48 | Research | Stone Mining |
| 22:49 | Create | Villager (Male) |
| 22:49 | Create | Villager (Male) |
| 22:52 | Build | Farm |
| 22:55 | Build | Farm |
| 22:56 | Build | Farm |
| 23:01 | Create | Villager (Male) |
| 23:01 | Create | Villager (Male) |
| 23:07 | Create | Villager (Male) |
| 23:16 | Create | Villager (Male) |
| 23:21 | Build | Farm |
| 23:22 | Build | Farm |
| 23:24 | Create | Villager (Male) |
| 23:28 | Build | Lumber Camp |
| 23:32 | Build | Farm |
| 23:33 | Build | Farm |
| 23:34 | Build | Farm |
| 23:37 | Build | Farm |
| 23:39 | Create | Villager (Male) |
| 23:40 | Build | Farm |
| 23:44 | Build | Farm |
Build order — Frafn
First 150 of 375 actions detected
| 0:01 | Create | Villager (Male) |
| 0:03 | Build | House |
| 0:04 | Build | House |
| 0:10 | Create | Villager (Male) |
| 0:10 | Create | Villager (Male) |
| 0:10 | Create | Villager (Male) |
| 0:11 | Create | Villager (Male) |
| 1:36 | Create | Villager (Male) |
| 1:58 | Create | Villager (Male) |
| 2:21 | Create | Villager (Male) |
| 2:21 | Create | Villager (Male) |
| 2:44 | Build | Lumber Camp |
| 3:00 | Create | Villager (Male) |
| 3:17 | Build | House |
| 3:36 | Create | Villager (Male) |
| 4:06 | Create | Villager (Male) |
| 4:29 | Create | Villager (Male) |
| 4:38 | Create | Villager (Male) |
| 5:29 | Build | Mill |
| 5:31 | Create | Villager (Male) |
| 5:35 | Build | House |
| 5:45 | Create | Villager (Male) |
| 6:10 | Create | Villager (Male) |
| 6:43 | Create | Villager (Male) |
| 7:12 | Create | Villager (Male) |
| 7:13 | Create | Villager (Male) |
| 7:17 | Build | Lumber Camp |
| 7:28 | Create | Villager (Male) |
| 7:36 | Create | Villager (Male) |
| 7:40 | Create | Villager (Male) |
| 8:00 | Create | Villager (Male) |
| 8:06 | Build | House |
| 8:32 | Build | Mining Camp |
| 8:40 | Research | Loom |
| 8:42 | Research | Feudal Age |
| 9:12 | Build | Mining Camp |
| 9:24 | Build | Barracks |
| 9:31 | Build | House |
| 9:58 | Build | House |
| 9:59 | Build | House |
| 11:06 | Create | Villager (Male) |
| 11:07 | Create | Villager (Male) |
| 11:27 | Age | Feudal Age |
| 11:29 | Build | Blacksmith |
| 11:37 | Build | Archery Range |
| 11:39 | Build | House |
| 11:51 | Research | Double-Bit Axe |
| 12:33 | Research | Castle Age |
| 13:00 | Research | Horse Collar |
| 13:27 | Build | Market |
| 13:43 | Build | Farm |
| 13:52 | Build | Farm |
| 13:56 | Build | Farm |
| 14:17 | Research | Fletching |
| 14:28 | Build | Farm |
| 14:36 | Research | Stone Mining |
| 14:50 | Create | Villager (Male) |
| 14:51 | Create | Villager (Male) |
| 15:13 | Age | Castle Age |
| 15:18 | Research | Bow Saw |
| 15:42 | Create | Villager (Male) |
| 15:51 | Build | Town Center |
| 16:03 | Create | Villager (Male) |
| 16:12 | Build | Farm |
| 16:22 | Build | Farm |
| 16:29 | Create | Villager (Male) |
| 16:36 | Build | Farm |
| 17:03 | Create | Villager (Male) |
| 17:12 | Build | Farm |
| 17:15 | Build | Farm |
| 17:19 | Build | Farm |
| 17:22 | Build | Farm |
| 17:27 | Create | Villager (Male) |
| 17:46 | Create | Villager (Male) |
| 18:05 | Build | Farm |
| 18:07 | Build | Farm |
| 18:08 | Create | Villager (Male) |
| 18:12 | Build | House |
| 18:18 | Create | Villager (Male) |
| 18:24 | Build | Farm |
| 18:27 | Build | Farm |
| 18:34 | Build | Castle |
| 18:41 | Create | Villager (Male) |
| 18:41 | Create | Villager (Male) |
| 18:46 | Build | Farm |
| 18:49 | Build | Farm |
| 18:58 | Create | Villager (Male) |
| 18:59 | Create | Villager (Male) |
| 19:31 | Create | Villager (Male) |
| 19:31 | Create | Villager (Male) |
| 19:38 | Build | House |
| 19:39 | Build | House |
| 19:39 | Build | House |
| 19:40 | Build | House |
| 19:41 | Build | House |
| 19:46 | Create | Villager (Male) |
| 19:46 | Create | Villager (Male) |
| 19:49 | Build | Farm |
| 19:52 | Build | Farm |
| 19:59 | Build | Farm |
| 20:03 | Build | Farm |
| 20:11 | Create | Villager (Male) |
| 20:11 | Create | Villager (Male) |
| 20:16 | Build | Mining Camp |
| 20:41 | Create | Villager (Male) |
| 20:42 | Create | Villager (Male) |
| 20:47 | Build | Farm |
| 20:51 | Build | Farm |
| 21:01 | Build | Farm |
| 21:05 | Create | Villager (Male) |
| 21:05 | Create | Villager (Male) |
| 21:09 | Build | Farm |
| 21:17 | Create | Villager (Male) |
| 21:17 | Create | Villager (Male) |
| 21:26 | Create | Genoese Crossbowman |
| 21:26 | Create | Genoese Crossbowman |
| 21:42 | Create | Genoese Crossbowman |
| 21:54 | Create | Villager (Male) |
| 21:54 | Create | Villager (Male) |
| 22:09 | Create | Villager (Male) |
| 22:09 | Create | Villager (Male) |
| 22:17 | Build | University |
| 22:19 | Build | House |
| 22:21 | Build | House |
| 22:22 | Build | House |
| 22:24 | Build | House |
| 22:26 | Build | House |
| 22:27 | Build | House |
| 22:29 | Build | House |
| 22:31 | Build | House |
| 22:34 | Create | Villager (Male) |
| 22:35 | Create | Villager (Male) |
| 22:46 | Create | Genoese Crossbowman |
| 22:47 | Create | Genoese Crossbowman |
| 23:01 | Build | Farm |
| 23:17 | Create | Villager (Male) |
| 23:17 | Create | Villager (Male) |
| 23:43 | Research | Imperial Age |
| 23:43 | Research | Imperial Age |
| 23:46 | Create | Genoese Crossbowman |
| 23:56 | Research | Gold Mining |
| 24:10 | Create | Villager (Male) |
| 24:10 | Create | Villager (Male) |
| 24:16 | Build | Town Center |
| 24:38 | Build | Lumber Camp |
| 24:40 | Create | Villager (Male) |
| 24:43 | Research | Bodkin Arrow |
| 24:44 | Create | Genoese Crossbowman |
| 24:45 | Create | Genoese Crossbowman |
| 25:13 | Create | Villager (Male) |
Build order — vic163001
First 150 of 666 actions detected
| 0:01 | Create | Villager (Male) |
| 0:01 | Create | Villager (Male) |
| 0:01 | Create | Villager (Male) |
| 0:01 | Create | Villager (Male) |
| 0:03 | Build | House |
| 0:05 | Build | House |
| 0:30 | Create | Villager (Male) |
| 0:31 | Create | Villager (Male) |
| 1:35 | Create | Villager (Male) |
| 1:35 | Create | Villager (Male) |
| 1:45 | Build | Lumber Camp |
| 2:14 | Create | Villager (Male) |
| 2:14 | Create | Villager (Male) |
| 2:14 | Create | Villager (Male) |
| 2:27 | Create | Villager (Male) |
| 2:27 | Create | Villager (Male) |
| 2:28 | Create | Villager (Male) |
| 2:49 | Create | Villager (Male) |
| 2:49 | Create | Villager (Male) |
| 2:50 | Create | Villager (Male) |
| 3:03 | Create | Villager (Male) |
| 3:03 | Create | Villager (Male) |
| 3:36 | Create | Villager (Male) |
| 3:37 | Create | Villager (Male) |
| 3:42 | Build | House |
| 3:49 | Create | Villager (Male) |
| 3:49 | Create | Villager (Male) |
| 3:54 | Build | House |
| 3:55 | Build | House |
| 4:35 | Build | House |
| 4:36 | Build | House |
| 4:42 | Create | Villager (Male) |
| 4:42 | Create | Villager (Male) |
| 4:42 | Create | Villager (Male) |
| 4:52 | Build | Mill |
| 5:10 | Create | Villager (Male) |
| 5:11 | Create | Villager (Male) |
| 5:29 | Create | Villager (Male) |
| 5:29 | Create | Villager (Male) |
| 5:49 | Create | Villager (Male) |
| 5:50 | Create | Villager (Male) |
| 5:54 | Create | Villager (Male) |
| 5:54 | Create | Villager (Male) |
| 5:55 | Create | Villager (Male) |
| 6:18 | Build | Farm |
| 6:32 | Create | Villager (Male) |
| 6:32 | Create | Villager (Male) |
| 6:49 | Create | Villager (Male) |
| 7:15 | Create | Villager (Male) |
| 7:52 | Build | Mining Camp |
| 8:06 | Research | Feudal Age |
| 8:06 | Research | Feudal Age |
| 9:07 | Create | Villager (Male) |
| 9:07 | Create | Villager (Male) |
| 10:10 | Age | Feudal Age |
| 10:13 | Build | Market |
| 10:15 | Build | Blacksmith |
| 10:29 | Research | Double-Bit Axe |
| 10:29 | Research | Double-Bit Axe |
| 11:00 | Research | Castle Age |
| 11:00 | Research | Castle Age |
| 11:25 | Build | Farm |
| 11:28 | Build | Farm |
| 11:35 | Research | Horse Collar |
| 11:35 | Research | Horse Collar |
| 11:59 | Build | House |
| 12:00 | Build | House |
| 12:03 | Build | House |
| 12:28 | Create | Villager (Male) |
| 12:29 | Create | Villager (Male) |
| 13:25 | Age | Castle Age |
| 13:27 | Build | Town Center |
| 13:31 | Build | Town Center |
| 13:35 | Create | Villager (Male) |
| 13:40 | Build | Farm |
| 13:47 | Build | Farm |
| 13:49 | Create | Villager (Male) |
| 14:03 | Create | Villager (Male) |
| 14:14 | Build | House |
| 14:14 | Build | House |
| 14:19 | Build | Farm |
| 14:30 | Build | Farm |
| 14:32 | Create | Villager (Male) |
| 14:36 | Build | Farm |
| 14:47 | Create | Villager (Male) |
| 14:56 | Create | Villager (Male) |
| 14:58 | Build | Farm |
| 15:08 | Build | Farm |
| 15:11 | Create | Villager (Male) |
| 15:16 | Build | Farm |
| 15:18 | Create | Villager (Male) |
| 15:18 | Create | Villager (Male) |
| 15:19 | Create | Villager (Male) |
| 15:21 | Create | Villager (Male) |
| 15:21 | Create | Villager (Male) |
| 15:28 | Build | Farm |
| 15:35 | Build | Farm |
| 15:37 | Create | Villager (Male) |
| 15:53 | Build | Farm |
| 15:54 | Create | Villager (Male) |
| 15:54 | Create | Villager (Male) |
| 15:54 | Create | Villager (Male) |
| 15:58 | Create | Villager (Male) |
| 16:06 | Build | Farm |
| 16:07 | Create | Villager (Male) |
| 16:07 | Create | Villager (Male) |
| 16:15 | Build | Farm |
| 16:24 | Build | Farm |
| 16:25 | Create | Villager (Male) |
| 16:25 | Create | Villager (Male) |
| 16:25 | Create | Villager (Male) |
| 16:26 | Create | Villager (Male) |
| 16:35 | Create | Villager (Male) |
| 16:35 | Create | Villager (Male) |
| 16:37 | Build | Farm |
| 16:43 | Build | Farm |
| 16:49 | Create | Villager (Male) |
| 16:50 | Create | Villager (Male) |
| 16:50 | Create | Villager (Male) |
| 17:00 | Create | Villager (Male) |
| 17:02 | Create | Villager (Male) |
| 17:02 | Create | Villager (Male) |
| 17:02 | Create | Villager (Male) |
| 17:04 | Build | Farm |
| 17:07 | Build | Farm |
| 17:09 | Create | Villager (Male) |
| 17:09 | Create | Villager (Male) |
| 17:10 | Create | Villager (Male) |
| 17:30 | Build | Lumber Camp |
| 17:30 | Create | Villager (Male) |
| 17:30 | Create | Villager (Male) |
| 17:31 | Create | Villager (Male) |
| 17:31 | Create | Villager (Male) |
| 17:42 | Create | Villager (Male) |
| 17:42 | Create | Villager (Male) |
| 17:42 | Create | Villager (Male) |
| 17:45 | Build | Farm |
| 17:53 | Build | Farm |
| 17:54 | Create | Villager (Male) |
| 17:55 | Create | Villager (Male) |
| 18:03 | Create | Villager (Male) |
| 18:05 | Build | Farm |
| 18:11 | Build | Farm |
| 18:20 | Create | Villager (Male) |
| 18:22 | Create | Villager (Male) |
| 18:22 | Create | Villager (Male) |
| 18:22 | Create | Villager (Male) |
| 18:22 | Create | Villager (Male) |
| 18:28 | Build | Farm |
| 18:34 | Build | Farm |
Build order — BruceC
First 150 of 726 actions detected
| 0:01 | Create | Villager (Male) |
| 0:01 | Create | Villager (Male) |
| 0:01 | Create | Villager (Male) |
| 0:01 | Create | Villager (Male) |
| 0:02 | Build | House |
| 0:03 | Build | House |
| 1:26 | Create | Villager (Male) |
| 1:26 | Create | Villager (Male) |
| 1:45 | Build | Lumber Camp |
| 2:00 | Create | Villager (Male) |
| 2:01 | Create | Villager (Male) |
| 2:20 | Create | Villager (Male) |
| 2:20 | Create | Villager (Male) |
| 2:46 | Build | House |
| 2:48 | Build | House |
| 2:49 | Build | House |
| 2:50 | Create | Villager (Male) |
| 2:50 | Create | Villager (Male) |
| 3:05 | Create | Villager (Male) |
| 3:06 | Create | Villager (Male) |
| 3:35 | Build | House |
| 3:38 | Create | Villager (Male) |
| 3:38 | Create | Villager (Male) |
| 4:06 | Create | Villager (Male) |
| 4:06 | Create | Villager (Male) |
| 4:34 | Create | Villager (Male) |
| 4:34 | Create | Villager (Male) |
| 4:34 | Create | Villager (Male) |
| 4:57 | Create | Villager (Male) |
| 4:57 | Create | Villager (Male) |
| 4:57 | Create | Villager (Male) |
| 5:26 | Create | Villager (Male) |
| 5:26 | Create | Villager (Male) |
| 5:26 | Create | Villager (Male) |
| 6:00 | Build | Mill |
| 6:33 | Create | Villager (Male) |
| 6:33 | Create | Villager (Male) |
| 6:34 | Create | Villager (Male) |
| 7:17 | Create | Villager (Male) |
| 7:17 | Create | Villager (Male) |
| 7:17 | Create | Villager (Male) |
| 7:17 | Create | Villager (Male) |
| 7:56 | Create | Villager (Male) |
| 7:57 | Create | Villager (Male) |
| 8:55 | Build | Mining Camp |
| 9:03 | Build | Lumber Camp |
| 9:07 | Research | Feudal Age |
| 9:08 | Research | Feudal Age |
| 10:20 | Build | Farm |
| 11:18 | Build | Mining Camp |
| 11:46 | Age | Feudal Age |
| 11:47 | Create | Villager (Male) |
| 11:47 | Create | Villager (Male) |
| 11:52 | Build | Market |
| 11:58 | Build | Blacksmith |
| 12:16 | Build | Farm |
| 12:30 | Research | Double-Bit Axe |
| 12:40 | Research | Castle Age |
| 12:40 | Research | Castle Age |
| 12:40 | Research | Castle Age |
| 12:57 | Research | Horse Collar |
| 12:57 | Research | Horse Collar |
| 13:04 | Build | House |
| 13:06 | Build | House |
| 13:08 | Build | House |
| 13:15 | Build | House |
| 13:16 | Build | House |
| 13:17 | Build | House |
| 13:17 | Build | House |
| 13:18 | Build | House |
| 14:01 | Build | Farm |
| 14:02 | Build | Farm |
| 14:55 | Create | Villager (Male) |
| 14:55 | Create | Villager (Male) |
| 15:20 | Age | Castle Age |
| 15:22 | Build | Town Center |
| 15:30 | Build | Town Center |
| 15:33 | Create | Villager (Male) |
| 15:33 | Create | Villager (Male) |
| 16:10 | Create | Villager (Male) |
| 16:21 | Build | Town Center |
| 16:24 | Create | Villager (Male) |
| 16:25 | Create | Villager (Male) |
| 16:37 | Build | Farm |
| 16:45 | Create | Villager (Male) |
| 16:46 | Create | Villager (Male) |
| 16:47 | Create | Villager (Male) |
| 17:09 | Build | Siege Workshop |
| 17:15 | Create | Villager (Male) |
| 17:23 | Build | Farm |
| 17:32 | Create | Villager (Male) |
| 17:34 | Build | Farm |
| 17:39 | Create | Villager (Male) |
| 17:41 | Build | Farm |
| 17:43 | Build | Farm |
| 17:45 | Build | Farm |
| 18:07 | Build | Gate |
| 18:32 | Build | Gate |
| 18:41 | Create | Scorpion |
| 18:42 | Create | Villager (Male) |
| 18:53 | Build | Stone Wall |
| 18:55 | Build | Stone Wall |
| 19:10 | Build | Stone Wall |
| 19:19 | Create | Villager (Male) |
| 19:20 | Create | Villager (Male) |
| 19:20 | Create | Villager (Male) |
| 19:21 | Create | Villager (Male) |
| 19:25 | Build | Farm |
| 19:25 | Build | Farm |
| 19:25 | Build | Farm |
| 19:26 | Build | Farm |
| 19:26 | Build | Farm |
| 19:26 | Build | Farm |
| 19:27 | Build | Farm |
| 19:27 | Build | Farm |
| 19:29 | Create | Mangonel |
| 19:50 | Create | Villager (Male) |
| 19:50 | Create | Villager (Male) |
| 19:51 | Create | Villager (Male) |
| 19:51 | Create | Villager (Male) |
| 19:59 | Build | Farm |
| 19:59 | Build | Farm |
| 19:59 | Build | Farm |
| 20:00 | Build | Farm |
| 20:00 | Build | Farm |
| 20:00 | Build | Farm |
| 20:00 | Build | Farm |
| 20:01 | Build | Farm |
| 20:01 | Build | Farm |
| 20:04 | Build | Farm |
| 20:04 | Build | Farm |
| 20:07 | Create | Villager (Male) |
| 20:07 | Create | Villager (Male) |
| 20:42 | Create | Villager (Male) |
| 20:43 | Create | Villager (Male) |
| 20:43 | Create | Villager (Male) |
| 20:43 | Create | Villager (Male) |
| 20:45 | Research | Loom |
| 20:45 | Research | Loom |
| 20:46 | Create | Villager (Male) |
| 20:47 | Create | Villager (Male) |
| 20:48 | Build | Farm |
| 20:51 | Build | Farm |
| 20:55 | Build | Mill |
| 20:56 | Build | Farm |
| 20:57 | Build | Farm |
| 20:59 | Create | Villager (Male) |
| 20:59 | Create | Villager (Male) |
| 21:00 | Create | Villager (Male) |
| 21:13 | Create | Villager (Male) |
Build order — Soaked★MarineS
First 150 of 497 actions detected
| 0:01 | Create | Villager (Male) |
| 0:01 | Create | Villager (Male) |
| 0:03 | Build | House |
| 0:05 | Build | House |
| 0:06 | Create | Villager (Male) |
| 0:06 | Create | Villager (Male) |
| 0:06 | Create | Villager (Male) |
| 1:30 | Create | Villager (Male) |
| 1:49 | Build | Lumber Camp |
| 1:58 | Create | Villager (Male) |
| 2:16 | Create | Villager (Male) |
| 2:25 | Research | Loom |
| 2:26 | Create | Villager (Male) |
| 2:53 | Create | Villager (Male) |
| 2:53 | Create | Villager (Male) |
| 3:15 | Create | Villager (Male) |
| 3:16 | Create | Villager (Male) |
| 3:45 | Create | Villager (Male) |
| 4:00 | Build | House |
| 4:11 | Create | Villager (Male) |
| 4:59 | Build | Palisade Wall |
| 5:07 | Create | Villager (Male) |
| 5:09 | Create | Villager (Male) |
| 5:58 | Create | Villager (Male) |
| 6:06 | Build | Mill |
| 6:11 | Create | Villager (Male) |
| 6:17 | Build | House |
| 6:21 | Create | Villager (Male) |
| 6:34 | Create | Villager (Male) |
| 7:00 | Create | Villager (Male) |
| 7:12 | Create | Villager (Male) |
| 7:22 | Build | Palisade Wall |
| 8:26 | Create | Villager (Male) |
| 8:55 | Create | Villager (Male) |
| 9:08 | Build | House |
| 9:10 | Build | House |
| 9:15 | Research | Feudal Age |
| 9:41 | Build | Mining Camp |
| 9:52 | Build | Mining Camp |
| 10:34 | Create | Villager (Male) |
| 11:30 | Age | Feudal Age |
| 11:33 | Build | Stone Wall |
| 11:46 | Build | Stone Wall |
| 11:50 | Build | Stone Wall |
| 11:51 | Create | Villager (Male) |
| 12:01 | Research | Double-Bit Axe |
| 12:02 | Research | Horse Collar |
| 12:15 | Build | Blacksmith |
| 12:20 | Build | Market |
| 12:40 | Create | Villager (Male) |
| 12:40 | Create | Villager (Male) |
| 13:00 | Create | Villager (Male) |
| 13:31 | Build | Watch Tower |
| 13:41 | Create | Villager (Male) |
| 13:46 | Build | Mining Camp |
| 13:48 | Create | Villager (Male) |
| 13:56 | Research | Double-Bit Axe |
| 13:57 | Research | Horse Collar |
| 14:20 | Create | Villager (Male) |
| 14:41 | Build | Blacksmith |
| 14:44 | Create | Villager (Male) |
| 14:56 | Build | Farm |
| 14:57 | Build | Farm |
| 15:15 | Research | Fletching |
| 15:25 | Build | House |
| 15:28 | Build | House |
| 15:53 | Build | Watch Tower |
| 15:59 | Create | Villager (Male) |
| 16:10 | Build | Gate |
| 16:52 | Build | Stone Wall |
| 16:55 | Create | Villager (Male) |
| 16:58 | Create | Villager (Male) |
| 17:09 | Build | Farm |
| 17:10 | Build | Farm |
| 17:10 | Build | Farm |
| 17:10 | Build | Farm |
| 17:10 | Build | Farm |
| 17:11 | Build | Farm |
| 17:11 | Build | Farm |
| 17:12 | Build | Farm |
| 17:15 | Create | Villager (Male) |
| 17:40 | Create | Villager (Male) |
| 17:41 | Build | Farm |
| 17:46 | Build | House |
| 17:47 | Build | House |
| 18:04 | Build | Farm |
| 18:38 | Build | Farm |
| 18:40 | Build | Farm |
| 18:42 | Create | Villager (Male) |
| 18:43 | Create | Villager (Male) |
| 18:47 | Build | House |
| 19:13 | Build | Farm |
| 19:50 | Research | Castle Age |
| 19:51 | Research | Castle Age |
| 20:38 | Research | Gold Mining |
| 20:39 | Research | Stone Mining |
| 21:16 | Build | Lumber Camp |
| 21:38 | Research | Stone Mining |
| 22:03 | Build | House |
| 22:08 | Build | House |
| 22:09 | Build | House |
| 22:21 | Create | Villager (Male) |
| 22:21 | Create | Villager (Male) |
| 22:22 | Create | Villager (Male) |
| 22:30 | Age | Castle Age |
| 22:34 | Build | Town Center |
| 22:38 | Build | Town Center |
| 22:48 | Build | Town Center |
| 22:51 | Create | Villager (Male) |
| 23:04 | Build | Town Center |
| 23:09 | Create | Villager (Male) |
| 23:10 | Create | Villager (Male) |
| 23:18 | Create | Villager (Male) |
| 23:26 | Build | Town Center |
| 23:29 | Create | Villager (Male) |
| 23:30 | Research | Wheelbarrow |
| 23:34 | Create | Villager (Male) |
| 24:02 | Create | Villager (Male) |
| 24:03 | Create | Villager (Male) |
| 24:03 | Create | Villager (Male) |
| 24:05 | Create | Villager (Male) |
| 24:07 | Create | Villager (Male) |
| 24:07 | Create | Villager (Male) |
| 24:08 | Create | Villager (Male) |
| 24:08 | Create | Villager (Male) |
| 24:08 | Create | Villager (Male) |
| 24:09 | Create | Villager (Male) |
| 24:31 | Build | Monastery |
| 24:53 | Build | Monastery |
| 24:56 | Create | Villager (Male) |
| 24:56 | Create | Villager (Male) |
| 24:56 | Create | Villager (Male) |
| 25:04 | Create | Villager (Male) |
| 25:04 | Create | Villager (Male) |
| 25:05 | Create | Villager (Male) |
| 25:11 | Build | Farm |
| 25:15 | Build | Farm |
| 25:16 | Create | Villager (Male) |
| 25:28 | Build | University |
| 25:38 | Build | Siege Workshop |
| 25:39 | Create | Monk |
| 26:10 | Research | Town Watch |
| 26:11 | Create | Villager (Male) |
| 26:11 | Create | Villager (Male) |
| 26:11 | Create | Villager (Male) |
| 26:16 | Create | Villager (Male) |
| 26:18 | Build | Farm |
| 26:20 | Create | Mangonel |
| 26:28 | Research | Fortified Wall (upgrade) |
| 26:30 | Create | Villager (Male) |
Build order — KumaraGD
First 150 of 734 actions detected
| 0:03 | Create | Villager (Male) |
| 0:03 | Create | Villager (Male) |
| 0:03 | Create | Villager (Male) |
| 0:04 | Create | Villager (Male) |
| 0:05 | Build | House |
| 0:06 | Build | House |
| 1:27 | Create | Villager (Male) |
| 1:28 | Create | Villager (Male) |
| 1:48 | Build | Lumber Camp |
| 2:07 | Create | Villager (Male) |
| 2:07 | Create | Villager (Male) |
| 2:30 | Create | Villager (Male) |
| 2:30 | Create | Villager (Male) |
| 2:51 | Create | Villager (Male) |
| 2:51 | Create | Villager (Male) |
| 3:15 | Create | Villager (Male) |
| 3:41 | Create | Villager (Male) |
| 3:58 | Build | House |
| 4:07 | Create | Villager (Male) |
| 4:08 | Create | Villager (Male) |
| 4:30 | Build | Mill |
| 4:39 | Create | Villager (Male) |
| 4:40 | Create | Villager (Male) |
| 5:16 | Create | Villager (Male) |
| 5:56 | Research | Loom |
| 5:57 | Research | Loom |
| 6:30 | Research | Feudal Age |
| 6:38 | Build | House |
| 7:51 | Create | Villager (Male) |
| 7:51 | Create | Villager (Male) |
| 8:40 | Age | Feudal Age |
| 8:42 | Build | Stable |
| 9:01 | Research | Double-Bit Axe |
| 9:06 | Create | Villager (Male) |
| 9:21 | Build | Palisade Wall |
| 9:33 | Create | Villager (Male) |
| 9:43 | Research | Horse Collar |
| 9:53 | Create | Villager (Male) |
| 10:07 | Create | Villager (Male) |
| 10:09 | Build | Farm |
| 10:11 | Build | Farm |
| 10:15 | Build | Farm |
| 10:20 | Create | Villager (Male) |
| 10:30 | Build | Farm |
| 10:44 | Create | Villager (Male) |
| 10:47 | Build | Farm |
| 11:18 | Build | Mining Camp |
| 11:25 | Create | Villager (Male) |
| 11:53 | Build | Watch Tower |
| 11:56 | Build | Mining Camp |
| 11:57 | Create | Villager (Male) |
| 12:01 | Build | Farm |
| 12:04 | Research | Wheelbarrow |
| 12:07 | Build | House |
| 12:23 | Build | Watch Tower |
| 12:33 | Create | Villager (Male) |
| 12:40 | Build | Farm |
| 12:43 | Build | Farm |
| 12:47 | Build | House |
| 13:05 | Create | Villager (Male) |
| 13:43 | Build | Market |
| 13:45 | Create | Villager (Male) |
| 14:22 | Build | Blacksmith |
| 14:29 | Create | Villager (Male) |
| 14:34 | Build | Farm |
| 14:47 | Build | Farm |
| 14:50 | Create | Villager (Male) |
| 15:13 | Research | Castle Age |
| 15:14 | Research | Castle Age |
| 15:29 | Build | House |
| 15:30 | Build | House |
| 15:40 | Research | Gold Mining |
| 16:02 | Research | Fletching |
| 16:02 | Research | Fletching |
| 16:21 | Build | Farm |
| 16:45 | Build | Stable |
| 16:51 | Research | Scale Barding Armor |
| 16:52 | Research | Scale Barding Armor |
| 17:12 | Build | Stable |
| 17:39 | Research | Bloodlines |
| 17:47 | Research | Forging |
| 17:47 | Research | Forging |
| 17:51 | Build | Farm |
| 18:04 | Age | Castle Age |
| 18:08 | Build | Siege Workshop |
| 18:09 | Create | Knight |
| 18:13 | Create | Villager (Male) |
| 18:27 | Create | Knight |
| 18:40 | Create | Villager (Male) |
| 18:40 | Create | Villager (Male) |
| 18:43 | Build | Farm |
| 18:56 | Build | House |
| 19:03 | Research | Light Cavalry (upgrade) |
| 19:04 | Research | Light Cavalry (upgrade) |
| 19:08 | Build | Farm |
| 19:10 | Create | Villager (Male) |
| 19:10 | Create | Villager (Male) |
| 19:13 | Build | Lumber Camp |
| 19:18 | Build | House |
| 19:18 | Build | House |
| 19:26 | Create | Scout Cavalry |
| 19:36 | Create | Villager (Male) |
| 19:37 | Create | Villager (Male) |
| 19:39 | Build | Farm |
| 19:42 | Build | House |
| 20:00 | Create | Villager (Male) |
| 20:05 | Build | Farm |
| 20:14 | Research | Husbandry |
| 20:22 | Create | Scorpion |
| 20:23 | Create | Scorpion |
| 20:27 | Create | Villager (Male) |
| 20:27 | Create | Villager (Male) |
| 20:34 | Build | House |
| 20:37 | Build | House |
| 20:44 | Create | Villager (Male) |
| 21:01 | Create | Scorpion |
| 21:07 | Create | Villager (Male) |
| 21:07 | Create | Villager (Male) |
| 21:13 | Build | Mining Camp |
| 21:20 | Create | Scout Cavalry |
| 21:42 | Create | Scout Cavalry |
| 21:43 | Build | Farm |
| 21:44 | Build | Farm |
| 21:45 | Create | Scout Cavalry |
| 21:56 | Build | House |
| 22:13 | Build | Farm |
| 22:14 | Create | Villager (Male) |
| 22:21 | Create | Villager (Male) |
| 22:25 | Build | House |
| 22:27 | Create | Villager (Male) |
| 22:29 | Build | Farm |
| 22:36 | Build | Farm |
| 23:01 | Create | Scorpion |
| 23:02 | Create | Villager (Male) |
| 23:10 | Create | Villager (Male) |
| 23:11 | Build | Farm |
| 23:20 | Build | Town Center |
| 23:32 | Create | Villager (Male) |
| 23:51 | Research | Chain Barding Armor |
| 23:52 | Create | Villager (Male) |
| 23:55 | Build | Farm |
| 24:20 | Build | House |
| 24:20 | Build | House |
| 24:21 | Build | House |
| 24:22 | Create | Villager (Male) |
| 24:22 | Create | Villager (Male) |
| 24:50 | Create | Villager (Male) |
| 24:50 | Create | Villager (Male) |
| 24:52 | Build | Farm |
| 25:00 | Create | Villager (Male) |
Match timeline
| 4:59 | Soaked★MarineS · wall_segment Palisade Wall x26 |
| 7:22 | Soaked★MarineS · wall_segment Palisade Wall x27 |
| 7:32 | imenek · first_building Barracks |
| 7:40 | SIL13 · first_building Barracks |
| 8:29 | SIL13 · age_up feudal |
| 8:31 | SIL13 · first_building Stable |
| 8:34 | ashikaga · first_building Barracks |
| 8:40 | KumaraGD · age_up feudal |
| 8:42 | KumaraGD · first_building Stable |
| 8:55 | imenek · age_up feudal |
| 8:58 | imenek · first_building Stable |
| 9:21 | KumaraGD · wall_segment Palisade Wall x1 |
| 9:24 | Frafn · first_building Barracks |
| 10:06 | ashikaga · age_up feudal |
| 10:10 | vic163001 · age_up feudal |
| 10:21 | ashikaga · first_building Archery Range |
| 10:35 | imenek · wall_segment Stone Wall x1 |
| 10:40 | imenek · wall_segment Stone Wall x11 |
| 11:27 | Frafn · age_up feudal |
| 11:30 | Soaked★MarineS · age_up feudal |
| 11:33 | Soaked★MarineS · wall_segment Stone Wall x6 |
| 11:37 | Frafn · first_building Archery Range |
| 11:46 | BruceC · age_up feudal |
| 11:46 | Soaked★MarineS · wall_segment Stone Wall x11 |
| 11:50 | Soaked★MarineS · wall_segment Stone Wall x13 |
| 13:25 | vic163001 · age_up castle |
| 14:01 | ashikaga · age_up castle |
| 14:29 | imenek · wall_segment Stone Wall x27 |
| 15:11 | KumaraGD · first_market_sell 100 wood |
| 15:13 | Frafn · age_up castle |
| 15:20 | BruceC · age_up castle |
| 15:53 | SIL13 · age_up castle |
| 16:52 | Soaked★MarineS · wall_segment Stone Wall x1 |
| 17:09 | BruceC · first_building Siege Workshop |
| 18:04 | KumaraGD · age_up castle |
| 18:08 | KumaraGD · first_building Siege Workshop |
| 18:20 | imenek · wall_segment Stone Wall x1 |
| 18:34 | Frafn · first_building Castle |
| 18:53 | BruceC · wall_segment Stone Wall x1 |
| 18:55 | BruceC · wall_segment Stone Wall x1 |
| 18:56 | vic163001 · first_building Monastery |
| 19:05 | Soaked★MarineS · first_market_buy 100 food |
| 19:10 | BruceC · wall_segment Stone Wall x1 |
| 20:17 | imenek · age_up castle |
| 21:42 | imenek · wall_segment Stone Wall x2 |
| 22:06 | imenek · first_building Castle |
| 22:30 | Soaked★MarineS · age_up castle |
| 23:05 | KumaraGD · first_market_buy 100 wood |
| 23:22 | ashikaga · first_market_buy 100 stone |
| 23:38 | Frafn · first_market_sell 100 wood |
| 24:31 | Soaked★MarineS · first_building Monastery |
| 25:38 | Soaked★MarineS · first_building Siege Workshop |
| 25:56 | imenek · wall_segment Stone Wall x15 |
| 26:28 | vic163001 · first_building Castle |
| 26:38 | vic163001 · first_market_sell 100 food |
| 26:53 | Frafn · age_up imperial |
| 26:54 | SIL13 · first_market_sell 100 food |
| 26:59 | imenek · wall_segment Stone Wall x4 |
| 27:14 | vic163001 · first_building Barracks |
| 27:28 | ashikaga · first_market_sell 100 food |
| 27:47 | SIL13 · first_building Castle |
| 27:48 | BruceC · first_building Barracks |
| 28:28 | vic163001 · first_building Stable |
| 29:23 | SIL13 · first_building Siege Workshop |
| 29:27 | vic163001 · age_up imperial |
| 29:37 | Soaked★MarineS · first_building Castle |
| 30:01 | Frafn · first_building Siege Workshop |
| 30:20 | SIL13 · wall_segment Stone Wall x23 |
| 30:28 | ashikaga · first_building Monastery |
| 30:36 | BruceC · age_up imperial |
| 31:02 | BruceC · first_building Castle |
| 31:07 | KumaraGD · age_up imperial |
| 32:22 | SIL13 · age_up imperial |
| 33:41 | Frafn · first_market_buy 100 food |
| 33:42 | ashikaga · first_building Castle |
| 33:54 | ashikaga · tribute_sent a jugador 1 |
| 33:54 | ashikaga · tribute_sent a jugador 2 |
| 33:54 | ashikaga · tribute_sent a jugador 3 |
| 33:54 | ashikaga · tribute_sent a jugador 4 |
| 33:54 | ashikaga · tribute_sent a jugador 5 |
| 33:54 | ashikaga · tribute_sent a jugador 6 |
| 33:54 | ashikaga · tribute_sent a jugador 7 |
| 34:26 | ashikaga · age_up imperial |
| 34:31 | vic163001 · first_market_buy 500 stone |
| 34:47 | imenek · first_building Siege Workshop |
| 35:44 | ashikaga · tribute_sent a jugador 1 |
| 35:44 | ashikaga · tribute_sent a jugador 2 |
| 35:44 | ashikaga · tribute_sent a jugador 3 |
| 35:44 | ashikaga · tribute_sent a jugador 4 |
| 35:44 | ashikaga · tribute_sent a jugador 5 |
| 35:44 | ashikaga · tribute_sent a jugador 6 |
| 35:44 | ashikaga · tribute_sent a jugador 7 |
| 35:57 | vic163001 · first_building Siege Workshop |
| 37:05 | ashikaga · tribute_sent a jugador 1 |
| 37:05 | ashikaga · tribute_sent a jugador 2 |
| 37:05 | ashikaga · tribute_sent a jugador 3 |
| 37:05 | ashikaga · tribute_sent a jugador 4 |
| 37:05 | ashikaga · tribute_sent a jugador 5 |
| 37:05 | ashikaga · tribute_sent a jugador 6 |
| 37:05 | ashikaga · tribute_sent a jugador 7 |
| 37:10 | Soaked★MarineS · age_up imperial |
| 37:23 | KumaraGD · first_building Castle |
| 37:49 | imenek · age_up imperial |
| 39:08 | ashikaga · tribute_sent a jugador 1 |
| 39:08 | ashikaga · tribute_sent a jugador 2 |
| 39:08 | ashikaga · tribute_sent a jugador 3 |
| 39:08 | ashikaga · tribute_sent a jugador 4 |
| 39:08 | ashikaga · tribute_sent a jugador 5 |
| 39:08 | ashikaga · tribute_sent a jugador 6 |
| 39:08 | ashikaga · tribute_sent a jugador 7 |
| 39:32 | KumaraGD · tribute_sent a jugador 1 |
| 39:32 | KumaraGD · tribute_sent a jugador 2 |
| 39:32 | KumaraGD · tribute_sent a jugador 3 |
| 39:32 | KumaraGD · tribute_sent a jugador 4 |
| 39:32 | KumaraGD · tribute_sent a jugador 5 |
| 39:32 | KumaraGD · tribute_sent a jugador 6 |
| 39:32 | KumaraGD · tribute_sent a jugador 8 |
| 39:52 | KumaraGD · tribute_sent a jugador 1 |
| 39:52 | KumaraGD · tribute_sent a jugador 2 |
| 39:52 | KumaraGD · tribute_sent a jugador 3 |
| 39:52 | KumaraGD · tribute_sent a jugador 4 |
| 39:52 | KumaraGD · tribute_sent a jugador 5 |
| 39:52 | KumaraGD · tribute_sent a jugador 6 |
| 39:52 | KumaraGD · tribute_sent a jugador 8 |
| 41:11 | ashikaga · tribute_sent a jugador 1 |
| 41:11 | ashikaga · tribute_sent a jugador 2 |
| 41:11 | ashikaga · tribute_sent a jugador 3 |
| 41:11 | ashikaga · tribute_sent a jugador 4 |
| 41:11 | ashikaga · tribute_sent a jugador 5 |
| 41:11 | ashikaga · tribute_sent a jugador 6 |
| 41:11 | ashikaga · tribute_sent a jugador 7 |
| 41:30 | ashikaga · first_building Siege Workshop |
| 42:52 | ashikaga · tribute_sent a jugador 1 |
| 42:52 | ashikaga · tribute_sent a jugador 2 |
| 42:52 | ashikaga · tribute_sent a jugador 3 |
| 42:52 | ashikaga · tribute_sent a jugador 4 |
| 42:52 | ashikaga · tribute_sent a jugador 5 |
| 42:52 | ashikaga · tribute_sent a jugador 6 |
| 42:52 | ashikaga · tribute_sent a jugador 7 |
| 43:15 | Soaked★MarineS · first_building Barracks |
| 43:15 | vic163001 · wall_segment Stone Wall x1 |
| 43:27 | vic163001 · wall_segment Stone Wall x1 |
| 43:56 | Frafn · tribute_sent a jugador 1 |
| 43:56 | Frafn · tribute_sent a jugador 2 |
| 43:56 | Frafn · tribute_sent a jugador 4 |
| 43:56 | Frafn · tribute_sent a jugador 5 |
| 43:56 | Frafn · tribute_sent a jugador 6 |
| 43:56 | Frafn · tribute_sent a jugador 7 |
| 43:56 | Frafn · tribute_sent a jugador 8 |
| 43:59 | ashikaga · tribute_sent a jugador 1 |
| 43:59 | ashikaga · tribute_sent a jugador 2 |
| 43:59 | ashikaga · tribute_sent a jugador 3 |
| 43:59 | ashikaga · tribute_sent a jugador 4 |
| 43:59 | ashikaga · tribute_sent a jugador 5 |
| 43:59 | ashikaga · tribute_sent a jugador 6 |
| 43:59 | ashikaga · tribute_sent a jugador 7 |
| 44:06 | Frafn · tribute_sent a jugador 1 |
| 44:06 | Frafn · tribute_sent a jugador 2 |
| 44:06 | Frafn · tribute_sent a jugador 4 |
| 44:06 | Frafn · tribute_sent a jugador 5 |
| 44:06 | Frafn · tribute_sent a jugador 6 |
| 44:06 | Frafn · tribute_sent a jugador 7 |
| 44:06 | Frafn · tribute_sent a jugador 8 |
| 45:31 | Soaked★MarineS · first_building Archery Range |
| 46:07 | Soaked★MarineS · first_building Stable |
| 46:10 | SIL13 · first_building Archery Range |
| 48:51 | ashikaga · tribute_sent a jugador 1 |
| 48:51 | ashikaga · tribute_sent a jugador 2 |
| 48:51 | ashikaga · tribute_sent a jugador 3 |
| 48:51 | ashikaga · tribute_sent a jugador 4 |
| 48:51 | ashikaga · tribute_sent a jugador 5 |
| 48:51 | ashikaga · tribute_sent a jugador 6 |
| 48:51 | ashikaga · tribute_sent a jugador 7 |
| 49:01 | imenek · first_market_buy 100 stone |
| 49:11 | Frafn · tribute_sent a jugador 1 |
| 49:11 | Frafn · tribute_sent a jugador 2 |
| 49:11 | Frafn · tribute_sent a jugador 4 |
| 49:11 | Frafn · tribute_sent a jugador 5 |
| 49:11 | Frafn · tribute_sent a jugador 6 |
| 49:11 | Frafn · tribute_sent a jugador 7 |
| 49:11 | Frafn · tribute_sent a jugador 8 |
| 49:50 | BruceC · tribute_sent a jugador 1 |
| 49:50 | BruceC · tribute_sent a jugador 2 |
| 49:50 | BruceC · tribute_sent a jugador 3 |
| 49:50 | BruceC · tribute_sent a jugador 4 |
| 49:50 | BruceC · tribute_sent a jugador 6 |
| 49:50 | BruceC · tribute_sent a jugador 7 |
| 49:50 | BruceC · tribute_sent a jugador 8 |
| 52:20 | ashikaga · tribute_sent a jugador 1 |
| 52:20 | ashikaga · tribute_sent a jugador 2 |
| 52:20 | ashikaga · tribute_sent a jugador 3 |
| 52:20 | ashikaga · tribute_sent a jugador 4 |
| 52:20 | ashikaga · tribute_sent a jugador 5 |
| 52:20 | ashikaga · tribute_sent a jugador 6 |
| 52:20 | ashikaga · tribute_sent a jugador 7 |
| 54:45 | KumaraGD · resign |
[ AI ANALYSIS · 1 CREDIT ]
What really happened in this match?
Wolo.gg analyzes every decision: build order, eco, micro, common mistakes by bracket. Personalized analysis on WhatsApp or Discord in 30 seconds.
Civ guide
Mapuche
Perfil
Jugador #11340951